 Dungeon Crawl Stone Soup version 0.15-a0-179-gb770d62 (webtiles) character file.

381 PolkaDot the Vexing (level 5, -4/35 HPs)
             Began as a Vampire Enchanter on Apr 19, 2014.
             Slain by a wyvern zombie (9 damage)
             ... on Level 4 of the Dungeon.
             The game lasted 00:13:04 (3345 turns).

PolkaDot the Vexing (Vampire Enchanter)             Turns: 3345, Time: 00:13:04

HP  -4/35        AC  9     Str  7      XL: 5   Next: 84%
MP   3/11        EV 15     Int 17      God:
Gold 136         SH  7     Dex 15      Spells:  4 memorised,  2 levels left

rFire  . . .     SeeInvis +     q - +2 dagger (protect)
rCold  + + .     Clarity  .     b - +1 robe
rNeg   + + +     Conserve .     s - +0 buckler
rPois  +         rCorr    .     (no helmet)
rElec  .         rRot     +     (no cloak)
SustAb . .       Spirit   .     y - +0 pair of gloves
rMut   .         Warding  .     (no boots)
Saprov . . .     Stasis   .     (no amulet)
MR     .....                    (no ring)
                                j - +4 ring of evasion

@: regenerating slowly, not resistant to hostile enchantments, quite stealthy
A: fangs 3, see invisible, unbreathing
a: Bat Form


You were on level 4 of the Dungeon.
You were near bloodless.

You visited 1 branch of the dungeon, and saw 4 of its levels.

You collected 136 gold pieces.

Inventory:

Hand weapons
 q - a +2,+2 dagger of protection (weapon)
 u - a +1,+1 short sword of draining
Missiles
 d - 12 darts (quivered)
Armour
 b - a +1 robe (worn)
 s - a +0 buckler (worn)
 y - a +0 pair of gloves (worn)
Scrolls
 a - a scroll of remove curse {unknown}
 e - a scroll of random uselessness {unknown}
 h - 3 scrolls of magic mapping {unknown}
 i - a scroll of enchant weapon II {unknown}
 l - a scroll of fear {unknown}
 m - 3 scrolls of identify {unknown}
 n - a scroll of teleportation {unknown}
 o - 3 scrolls of amnesia {unknown}
 r - a scroll of blinking {unknown}
 w - a scroll of enchant armour {unknown}
Jewellery
 j - a +4 ring of evasion (left hand)
Potions
 f - 8 potions of curing {unknown}
 g - a potion of flight {unknown}
 k - 6 potions of haste {unknown}
 p - a potion of heal wounds {unknown}
 t - 2 potions of restore abilities {unknown}
 v - a potion of agility {unknown}
Books
 c - a book of Maledictions

   Spells                             Type                      Level
   *Corona                            Hexes                        1
   *Sure Blade                        Hexes/Charms                 2
   *Ensorcelled Hibernation           Hexes/Ice                    2
   *Confuse                           Hexes                        3
   Dazzling Spray                     Conjuration/Hexes            3
   Enslavement                        Hexes                        4
 x - a book of Ice

   Spells                             Type                      Level
   Freezing Aura                      Charms/Ice                   2
   Metabolic Englaciation             Hexes/Ice                    5
   Ozocubu's Refrigeration            Ice                          6
   Bolt of Cold                       Conjuration/Ice              6
   Freezing Cloud                     Conjuration/Ice/Air          6
   Simulacrum                         Ice/Necromancy               6


   Skills:
 - Level 2.4 Short Blades
 - Level 0.7 Throwing
 - Level 2.1 Dodging
 + Level 5.6 Stealth
 * Level 3.0 Spellcasting
 + Level 6.8 Hexes


You had 2 spell levels left.
You knew the following spells:

 Your Spells              Type           Power        Failure   Level  Hunger
a - Corona                Hex            ####...      1%          1    None
b - Sure Blade            Hex/Chrm       ##........   10%         2    ##.....
c - Confuse               Hex            ####....     4%          3    ###....
d - Ensorcelled Hibernat  Hex/Ice        ##....       10%         2    ##.....


Dungeon Overview and Level Annotations

Branches:
Dungeon (4/15)
 Temple: D:4-7

Altars:
Yredelemnul


Innate Abilities, Weirdness & Mutations

You heal slowly.
You have razor-sharp teeth.*
You have supernaturally acute eyesight.
You can survive without breathing.*


Message History

The wyvern zombie appears confused.
* * * LOW MAGIC WARNING * * *
Your magical contamination has completely faded away.
You hit the wyvern zombie but do no damage.
You bite the wyvern zombie.
You see here a scroll labeled SHREISCH QUNIH.
You hit the wyvern zombie.
The wyvern zombie completely misses you.
You hit the wyvern zombie.
Your shield prevents you from hitting the wyvern zombie.
The wyvern zombie seems less confused.
The wyvern zombie barely misses you.
You see here a scroll labeled REKLAG AXKEWEO.
You block the wyvern zombie's attack. The wyvern zombie bites you.
You see here a scroll labeled SHREISCH QUNIH.
e - a scroll labeled SHREISCH QUNIH The wyvern zombie bites you!
* * * LOW HITPOINT WARNING * * *
The wyvern zombie bites you!
You die...

#...$.....#.# #..... ....#
#.........#.# #.....# .....
#....#....#.# #.....#. .#.##
##.........#.# #....... .....
#.......?....###.....#.#.#.##
####..................... #
#...................# #
#.##..#%##..#Z###.#.# #
#.....<#..#@# #.#
#...#.##..#.# #.#
#......#..#.# #.#
#......#..#.# ...
#......#..#.. ...
#......#..###.... #...#.##..#
##..< #...#.##..## ###
#...........


You could see a wyvern zombie.

Vanquished Creatures
  A vampire bat (D:3)
  A worker ant (D:3)
  The ghost of notcluie the Firebug, a weakling TeFE (D:4)
  An adder (D:2)
  6 gnolls
  2 worms
  The ghost of notcluie the Firebug, a weakling TeFE (D:3)
  3 giant geckos
  3 orcs (D:3)
  2 giant cockroaches (D:3)
  13 hobgoblins
  2 jackals (D:1)
  2 quokkas
  17 bats
  6 giant newts
  8 goblins
  9 kobolds
  14 rats
  A spectral orc (D:3)
93 creatures vanquished.

Notes
Turn   | Place    | Note
--------------------------------------------------------------
     0 | D:1      | PolkaDot, the Vampire Enchanter, began the quest for the Orb.
     0 | D:1      | Reached XP level 1. HP: 13/13 MP: 3/3
   297 | D:1      | Reached XP level 2. HP: 17/19 MP: 4/4
   374 | D:1      | Learned a level 2 spell: Ensorcelled Hibernation
   417 | D:1      | Reached skill level 5 in Hexes
   773 | D:1      | Reached XP level 3. HP: 24/24 MP: 3/6
   778 | D:1      | Learned a level 3 spell: Confuse
  1535 | D:2      | Reached skill level 6 in Hexes
  1535 | D:2      | Reached XP level 4. HP: 26/30 MP: 4/7
  1843 | D:3      | Reached skill level 5 in Stealth
  1949 | D:3      | Found a basalt altar of Yredelemnul.
  2295 | D:3      | Noticed notcluie's ghost (weakling TeFE)
  2304 | D:3      | Killed notcluie's ghost
  2304 | D:3      | Reached XP level 5. HP: 29/35 MP: 5/9
  2906 | D:4      | Noticed notcluie's ghost (weakling TeFE)
  2912 | D:4      | Killed notcluie's ghost
  3046 | D:4      | Learned a level 2 spell: Sure Blade
  3345 | D:4      | Slain by a wyvern zombie

Action                   |  1- 3 |  4- 6 || total
-------------------------+-------+-------++-------
Melee: Dagger            |   143 |   122 ||   265
 Cast: Ensorcelled Hiber |    14 |    20 ||    34
       Confuse           |       |     5 ||     5
  Use: Potion            |     1 |       ||     1
 Stab: Sleeping          |    15 |    20 ||    35
       Distracted        |     2 |       ||     2
       Confused          |       |     2 ||     2
